 Dungeon Crawl Stone Soup version 0.30-a0-1008-g30c9307041 (webtiles) character file.

Game seed: 2937908100466400223

34 Newt the Shooter (level 3, -3/24 HPs)
             Began as a Kobold Hunter on Apr 5, 2023.
             Killed by nerve-wracking pain
             ... invoked by an orc priest
              (6 damage)
             ... on level 2 of the Dungeon.
             The game lasted 00:00:53 (1081 turns).

Newt the Shooter (Kobold Hunter)                    Turns: 1081, Time: 00:00:54

Health: -3/24      AC:  3    Str:  8    XL:     3   Next: 50%
Magic:  3/3        EV: 14    Int: 10    God:
Gold:   33         SH:  0    Dex: 20    Spells: 2/2 levels left

rFire   . . .      SeeInvis .    a - +0 shortbow
rCold   . . .      Faith    .    (shield currently unavailable)
rNeg    . . .      Spirit   .    c - +0 leather armour
rPois   .          Reflect  .    (no helmet)
rElec   .          Rampage  .    (no cloak)
rCorr   .                        (no gloves)
Will    .....                    (no boots)
Stlth   +++                      (no amulet)
HPRegen 0.24/turn                (no ring)
MPRegen 0.08/turn                (no ring)

@: no status effects
A: small, no large weapons, nightstalker 3
a: no special abilities


You were on level 2 of the Dungeon.
You visited 1 branch of the dungeon, and saw 2 of its levels.

You collected 33 gold pieces.

Inventory:

Hand Weapons
 a - a +0 shortbow (weapon)
Armour
 c - a +0 leather armour (worn)
Scrolls
 b - a scroll of immolation
 j - a scroll of noise {unknown}
Potions
 d - a potion of invisibility
 f - a potion of degeneration
 g - a potion of heal wounds
 h - a potion of haste {unknown}
 i - a potion of curing {unknown}
 k - 2 potions of mutation {unknown}


   Skills:
 + Level 4.0 Fighting
 - Level 5.3 Ranged Weapons
 - Level 2.4 Dodging
 - Level 1.3 Stealth


You had 2 spell levels left.
You didn't know any spells.
Your spell library contained the following spells:

 Spells                   Type           Power      Damage    Failure   Level
 Blink                    Tloc           0%         N/A       63%         2
 Lesser Beckoning         Tloc           0%         N/A       63%         2
 Momentum Strike          Conj/Tloc      0%         3d8       63%         2
 Call Canine Familiar     Summ           0%         N/A       86%         3
 Portal Projectile        Hex/Tloc       0%         N/A       86%         3
 Leda's Liquefaction      Hex/Erth       0%         N/A       99%         4


Dungeon Overview and Level Annotations

Branches:
Dungeon (2/15)

Altars:


Innate Abilities, Weirdness & Mutations

You are small and have problems with some larger weapons.
You are completely attuned to the shadows.


Message History

As you read the scroll of identify, it crumbles to dust.
g - a potion of heal wounds An endoplasm comes into view.
An endoplasm is nearby!
An endoplasm is nearby!
An endoplasm is nearby!
You shoot an arrow. The arrow hits the endoplasm!
You kill the endoplasm!
No target in view!
No target in view!
An orc priest comes into view. It is wielding a +0 dagger.
An orc priest is nearby!
You shoot an arrow.
The arrow hits the orc priest but does no damage.
You shoot an arrow. The arrow hits the orc priest.
The orc priest is lightly wounded.
You shoot an arrow. The arrow barely misses the orc priest.
The orc priest hits you with a +0 dagger. x2
You shoot an arrow.
The arrow closely misses the orc priest.
You hear a shout!
The orc priest hits you with a +0 dagger.
An orc comes into view. It is wielding a +0 war axe.
You shoot an arrow.
The arrow closely misses the orc priest.
The orc priest barely misses you. The orc priest closely misses you.
An orc priest comes into view. It is wielding a +0 flail.
You shoot an arrow.
The arrow closely misses the orc priest.
The orc priest shouts!
The orc priest looks encouraged for a moment.
You shoot an arrow. The arrow hits the orc!
You kill the orc!
The orc priest mumbles some strange prayers to Beogh against you.
Beogh smites you!
Ouch! That really hurt!
* * * LOW HITPOINT WARNING * * *
The orc priest calls down the wrath of Beogh upon you.
Pain shoots through your body!
You die...

#o #. #.
#)###########
#o@.........#
###..######.#
.#.#..# #.# ..#..#
#.# # #.#..# #.#
#.##.#..# #.#
#.......# #.#
########.#.#######.#
#..... #.#.........#


You could see 2 orc priests.

Vanquished Creatures
  A dart slug (D:1)
  An orc (D:2)
  9 endoplasms
  A giant cockroach (D:1)
  4 goblins (D:1)
  3 hobgoblins (D:1)
  A quokka (D:1)
  A bat (D:1)
  2 frilled lizards (D:1)
  2 kobolds (D:1)
  5 rats (D:1)
30 creatures vanquished.

Notes
Turn   | Place    | Note
-------+----------+-------------------------------------------
     0 | D:1      | Newt the Kobold Hunter began the quest for the Orb.
     0 | D:1      | Reached XP level 1. HP: 12/12 MP: 1/1
   142 | D:1      | Reached XP level 2. HP: 18/18 MP: 2/2
   462 | D:1      | Reached XP level 3. HP: 22/23 MP: 3/3
  1081 | D:2      | Killed from afar by an orc priest

Illustrated notes

Levels and vault maps discovered:
D:1:      spicycebolla_arrival_ecumenical, layout_basic, kennysheep_flooded_box
D:2:      layout_basic, minmay_worlds_worst_comb

Skill      XL: |  1  2  3 |
---------------+----------+-----
Fighting       | 3 4 |  4.0
Ranged Weapons | |  5.3
Dodging        | |  2.4
Stealth        | |  1.3

Action                     || total
---------------------------++-------
   Fire: Shortbow          ||    64
    Use: Scroll            ||     3
 Armour: Leather armour    ||     3
  Dodge: Dodged            ||    12

Table legend: (Time is in decaauts)
 A = Elapsed time spent in this place.
 B = Non-inter-level travel time spent in this place.
 C = Inter-level travel time spent in this place.
 D = Time resting spent in this place.
 E = Time spent auto-exploring this place.
 F = Levels seen in this place.
 G = Mean time per level.
                   A        B        C        D        E       F      G
               +--------+--------+--------+--------+--------+-----+--------+
         Total |   1099 |   1048 |     51 |      0 |    913 |   2 |  549.5 |
       Dungeon |   1099 |   1048 |     51 |      0 |    913 |   2 |  549.5 |
               +--------+--------+--------+--------+--------+-----+--------+

Top non-repeatable levels by time:
     D:1: 1033 daAuts
     D:2: 66 daAuts
